 Dungeon Crawl Stone Soup version 0.20.1-1-g8b1a95d (webtiles) character file.

339 gobwax the Insei (level 6, -9/51 HPs)
             Began as a Naga Transmuter on Sept 9, 2017.
             Was an Initiate of Cheibriados.
             Mangled by a two-headed ogre
             ... wielding a +0 dire flail of protection
              (15 damage)
             ... on level 5 of the Dungeon.
             The game lasted 00:10:37 (4712 turns).

gobwax the Insei (Naga Transmuter)                  Turns: 4712, Time: 00:10:39

Health: -9/51      AC:  2    Str: 13    XL:     6   Next: 55%
Magic:  9/11       EV: 25    Int: 16    God:    Cheibriados [......]
Gold:   263        SH:  0    Dex: 23    Spells: 5/11 levels left

rFire    . . .     SeeInvis +     - Unarmed
rCold    . . .     Gourm    .   (shield currently unavailable)
rNeg     . . .     Faith    .   (armour currently unavailable)
rPois    x         Spirit   .   (helmet currently unavailable)
rElec    .         Reflect  .   (cloak currently unavailable)
rCorr    .         Harm     .   (gloves currently unavailable)
MR       .....                  (no barding)
Stlth    +++.......             (no amulet)
Regen    0.2/turn               (no ring)
MPRegen  0.2/turn               (no ring)

@: agile, spider-form (expiring), very slow
A: see invisible, slow metabolism 1, spit poison 1, AC +2
a: Spit Poison, End Transformation, Bend Time, Renounce Religion


You were on level 5 of the Dungeon.
You worshipped Cheibriados.
Cheibriados was noncommittal.
You were not hungry.
You were a venomous arachnid creature.
You visited 2 branches of the dungeon, and saw 6 of its levels.

You collected 263 gold pieces.

Inventory:

Hand Weapons
 q - a +0 blowgun
Missiles
 a - 48 arrows
 r - 44 poisoned needles
Armour
 b - a +0 robe (melded)
Jewellery
 e - an uncursed amulet of rage
Scrolls
 f - 4 scrolls of identify
 h - 4 scrolls of remove curse {unknown}
 m - 3 scrolls of enchant weapon {unknown}
 o - a scroll of recharging {unknown}
 p - 3 scrolls of blinking {unknown}
 s - 2 scrolls of immolation {unknown}
 u - a scroll of magic mapping {unknown}
 x - a scroll of amnesia
 y - a scroll of torment {unknown}
Potions
 g - a potion of curing
 j - a potion of invisibility {unknown}
 k - 2 potions of mutation {unknown}
 n - 2 potions of heal wounds {unknown}
 t - 2 potions of haste {unknown}
 v - a potion of flight {unknown}
 w - a potion of berserk rage {unknown}
Books
 c - a book of Changes

   Spells                             Type                      Level
   a - Beastly Appendage              Transmutation                1
   b - Sticks to Snakes               Transmutation                2
   c - Spider Form                    Transmutation/Poison         3
   d - Ice Form                       Ice/Transmutation            4
   e - Blade Hands                    Transmutation                5
Comestibles
 d - 5 bread rations
 i - 5 meat rations
 z - a chunk of flesh


   Skills:
 + Level 1.5 Fighting
 + Level 0.3 Throwing
 + Level 2.3 Dodging
 - Level 1.2 Stealth
 + Level 4.3 Unarmed Combat
 + Level 3.3 Spellcasting
 + Level 3.8 Transmutations
 + Level 0.3 Poison Magic
 + Level 0.8 Evocations


You had 5 spell levels left.
You knew the following spells:

 Your Spells              Type           Power        Failure   Level  Hunger
a - Beastly Appendage     Tmut           ###...       12%         1    None
b - Sticks to Snakes      Tmut           ###.....     16%         2    ##.....
c - Spider Form           Tmut/Pois      #.........   43%         3    ###....


Dungeon Overview and Level Annotations

Branches:
Dungeon (5/15)             Temple (1/1) D:5

Altars:
Ashenzari
Cheibriados
Elyvilon
Fedhas
Gozag
Kikubaaqudgha
Nemelex Xobeh
Ru
Uskayaw
Vehumet
Xom
Yredelemnul
Zin
The Shining One

Annotations:
D:3 Grinder; gobwax's ghost, amateur NaTm


Innate Abilities, Weirdness & Mutations

You cannot wear boots.
((Your serpentine skin is tough. (AC +2)))
You have supernaturally acute eyesight. (SInv)
((Armour fits poorly on your strangely shaped body.))
((Your system is resistant to poisons. (rPois)))
((You cover ground very slowly.))
You have a slow metabolism.
You can spit poison.


Message History

You bite the two-headed ogre!
The two-headed ogre is moderately wounded.
The two-headed ogre barely misses you.
The two-headed ogre completely misses you.
You hit the two-headed ogre but do no damage.
The two-headed ogre looks as sick as possible!
The two-headed ogre is heavily wounded.
Your transformation is almost over.
The two-headed ogre closely misses you. The two-headed ogre barely misses you.
You hit the two-headed ogre but do no damage.
The two-headed ogre looks as sick as possible!
The two-headed ogre is heavily wounded.
The two-headed ogre closely misses you. The two-headed ogre misses you.
You hit the two-headed ogre.
The two-headed ogre looks as sick as possible!
The two-headed ogre is heavily wounded.
The two-headed ogre hits you with a dire flail of protection!
* * * LOW HITPOINT WARNING * * *
The two-headed ogre hits you with a dire flail of protection!
You die...

.. #.#.#.# ..#.#.#...#
.......!..# #.....#
...O...#.## #.####.#.#
.###.#.########.
....#O......... #. #. .
#..#s.#######. #.# #.##.
##..#..#######
...##.#..##.............
#..#.#.#...._...#######
.......###.....# #....#
#.....###
#.####...###........#
#.............#####.#
######.###.#### #


You could see a two-headed ogre.

Vanquished Creatures
  A scorpion (D:5)
  2 orc wizards (D:4)
  Terence (D:2)
  3 worker ants
  4 adders
  An adder skeleton (D:4)
  5 worms
  2 dart slugs
  3 leopard geckos
  5 orcs (D:4)
  6 giant cockroaches
  5 goblins
  4 hobgoblins (D:2)
  3 jackals (D:4)
  3 quokkas
  6 bats
  5 frilled lizards
  8 kobolds
  A quokka skeleton (D:4)
  2 rats
70 creatures vanquished.

Vanquished Creatures (collateral kills)
  An orc wizard (D:4)
  2 orcs (D:4)
  A jackal (D:4)
  A frilled lizard (D:5)
5 creatures vanquished.

Grand Total: 75 creatures vanquished

Notes
Turn   | Place    | Note
-------+----------+-------------------------------------------
     0 | D:1      | gobwax the Naga Transmuter began the quest for the Orb.
     0 | D:1      | Reached XP level 1. HP: 18/18 MP: 3/3
   917 | D:1      | Reached XP level 2. HP: 25/25 MP: 3/5
  1590 | D:2      | Learned a level 2 spell: Sticks to Snakes
  1631 | D:2      | Reached XP level 3. HP: 26/31 MP: 4/6
  1684 | D:2      | Found a basalt altar of Yredelemnul.
  1766 | D:2      | Noticed Terence
  1778 | D:2      | Killed Terence
  1896 | D:2      | Reached XP level 4. HP: 38/38 MP: 5/7
  2431 | D:3      | Noticed gobwax's ghost (amateur NaTm)
  2775 | D:3      | Noticed Grinder
  2777 | D:3      | Paralysed by Grinder for 3 turns
  3140 | D:4      | Reached XP level 5. HP: 19/44 MP: 2/9
  3160 | D:4      | HP: 1/44 [orc/dagger (4)]
  3183 | D:5      | Entered Level 5 of the Dungeon
  3470 | D:4      | Reached skill level 4 in Unarmed Combat
  3847 | D:4      | Learned a level 3 spell: Spider Form
  3853 | D:4      | Reached skill level 1 in Stealth
  3853 | D:4      | Reached XP level 6. HP: 27/51 MP: 8/10
  4586 | D:5      | Found a staircase to the Ecumenical Temple.
  4596 | Temple   | Entered the Ecumenical Temple
  4616 | Temple   | Became a worshipper of Cheibriados the Contemplative
  4668 | D:5      | Found a sparkling altar of Nemelex Xobeh.
  4699 | D:5      | Noticed a two-headed ogre
  4712 | D:5      | Mangled by a two-headed ogre

Skill      XL: |  1  2  3  4  5 |
---------------+----------------+-----
Dodging        | 2 |  2.3
Transmutations | 3 |  3.8
Spellcasting   | 3 |  3.3
Unarmed Combat | 4 |  4.3
Stealth        | 1 |  1.2
Fighting       | |  1.5
Throwing       | |  0.3
Poison Magic   | |  0.3
Evocations     | |  0.8

Action                   |  1- 3 |  4- 6 || total
-------------------------+-------+-------++-------
Melee: Unarmed           |    96 |   158 ||   254
       Headbutt          |     9 |    20 ||    29
       Punch             |     2 |     1 ||     3
 Fire: Blowgun           |       |     3 ||     3
 Cast: Beastly Appendage |    27 |    27 ||    54
       Sticks to Snakes  |     1 |     9 ||    10
       Spider Form       |       |     5 ||     5
 Abil: Evoke Berserk Rag |     3 |     3 ||     6
       Spit Poison       |     1 |     5 ||     6
  Use: Scroll            |       |     4 ||     4
       Potion            |       |     6 ||     6
  Eat: Chunk             |     6 |    11 ||    17
Armor: Robe              |    22 |    33 ||    55
       Skin              |       |     3 ||     3
Dodge: Dodged            |    56 |    93 ||   149
